 Dungeon Crawl Stone Soup version 0.29.1-1-gd02db6906a (webtiles) character file.

Game seed: 15471814521010414626

55 Rediskos the Trooper (level 3, -2/33 HPs)
             Began as a Hill Orc Fighter on Oct 8, 2022.
             Slain by an iguana (7 damage)
             ... on level 4 of the Dungeon.
             The game lasted 00:04:25 (1166 turns).

Rediskos the Trooper (Hill Orc Fighter)             Turns: 1166, Time: 00:04:26

Health: -2/33      AC:  8    Str: 20    XL:     3   Next: 93%
Magic:  3/3        EV:  9    Int:  8    God:
Gold:   69         SH:  4    Dex: 10    Spells: 2/2 levels left

rFire   . . .      SeeInvis .   a - +0 war axe
rCold   . . .      Faith    .   c - +0 buckler
rNeg    . . .      Spirit   .   b - +0 scale mail
rPois   .          Reflect  .   i - +0 helmet
rElec   .          Harm     .   (no cloak)
rCorr   .          Rampage  .   (no gloves)
Will    .....                   (no boots)
Stlth   ..........              (no amulet)
HPRegen 0.11/turn               (no ring)
MPRegen 0.08/turn               (no ring)

@: no status effects
A: no striking features
a: no special abilities


You were on level 4 of the Dungeon.
You visited 1 branch of the dungeon, and saw 3 of its levels.

You collected 69 gold pieces.

Inventory:

Hand Weapons
 a - a +0 war axe (weapon)
Armour
 b - a +0 scale mail (worn)
 c - a +0 buckler (worn)
 i - a +0 helmet (worn)
Jewellery
 m - a ring of ice
Scrolls
 f - a scroll of fear {unknown}
 h - a scroll of summoning {unknown}
 j - a scroll of immolation {unknown}
 l - 2 scrolls of fog {unknown}
 n - a scroll of vulnerability {unknown}
Potions
 d - a potion of mutation {unknown}
 e - a potion of ambrosia {unknown}
 g - a potion of haste {unknown}
 k - a potion of lignification {unknown}


   Skills:
 + Level 4.0 Fighting
 * Level 3.8 Axes
 + Level 3.6 Armour
 * Level 4.0 Shields


You had 2 spell levels left.
You didn't know any spells.
Your spell library contained the following spells:

 Spells                   Type           Power      Damage    Failure   Level
 Iskenderun's Battlesphe  Conj           0%         2d6       100%        5
 Iron Shot                Conj/Erth      0%         9d1       100%        6
 Spellforged Servitor     Conj/Summ      0%         N/A       100%        7


Dungeon Overview and Level Annotations

Branches:
Dungeon (2/15)

Altars:

Shops:
D:1 (


Message History

You barely miss the iguana.
The iguana is heavily wounded.
The iguana barely misses you. x2
You hit the iguana.
The iguana is heavily wounded.
The iguana bites you.
You barely miss the iguana.
The iguana is heavily wounded.
The iguana closely misses you. The iguana bites you.
You barely miss the iguana.
The iguana is heavily wounded.
You hit the kobold. The iguana bites you. The kobold hits you with a +0 club.
You slash the iguana!
You kill the iguana!
You hit the kobold.
You kill the kobold!
Your Fighting skill increases to level 4!
Your Shields skill increases to level 4!
No target in view!
An iguana comes into view.
The iguana bites you.
You closely miss the iguana. The iguana closely misses you. x2
You barely miss the iguana. The iguana closely misses you.
You hit the iguana.
The iguana is lightly wounded.
The iguana misses you.
You hit the iguana but do no damage.
The iguana is lightly wounded.
The iguana bites you!
* * * LOW HITPOINT WARNING * * *
The iguana bites you.
* * * LOW HITPOINT WARNING * * *
You are too injured to fight recklessly!
You are too injured to fight recklessly!
You are too injured to fight recklessly!
The iguana attacks as you move away! The iguana barely misses you.
You closely miss the iguana.
The iguana is lightly wounded.
The iguana bites you!
You die...

#..............##
##......##......##
#.......##.......##
#...>.............+
##...............##
#.......######†.##
##......##.....##
.......##....##
#..)@####+##.
+....l.......
#......##....
##........ .
#.....##.. #.....#
... ....... ..
+........ .
#........


You could see an iguana.

Vanquished Creatures
  An iguana (D:4)
  A worm (D:2)
  A dart slug (D:4)
  2 ball pythons (D:1)
  4 endoplasms
  A giant cockroach (D:1)
  2 goblins
  A hobgoblin (D:2)
  A bat (D:1)
  2 frilled lizards
  5 kobolds
  3 rats (D:1)
24 creatures vanquished.

Notes
Turn   | Place    | Note
-------+----------+-------------------------------------------
     0 | D:1      | Rediskos the Hill Orc Fighter began the quest for the Orb.
     0 | D:1      | Reached XP level 1. HP: 19/19 MP: 1/1
   168 | D:1      | Found Xodwod's Antique Weapon Shoppe.
   531 | D:1      | Reached XP level 2. HP: 27/27 MP: 2/2
   892 | D:1      | Found a faded altar of an unknown god.
  1039 | D:2      | Reached XP level 3. HP: 29/33 MP: 3/3
  1086 | D:2      | You fall into a shaft and drop 2 floors!
  1166 | D:4      | Slain by an iguana

Illustrated notes

Levels and vault maps discovered:
D:1:      dpeg_arrival_three_smaller_balls, layout_basic, serial_shops, shop,
          ebering_ecumenical_altar_sacrificial
D:2:      layout_basic, grunt_ministairs_15, due_unseen_surprise
D:4:      layout_gridville, grunt_decor_arrowhead, guppyfry_shop_venom,
          uniq_robin

Skill      XL: |  1  2  3 |
---------------+----------+-----
Axes           | 3 |  3.8
Fighting       | 4 |  4.0
Shields        | 4 |  4.0
Armour         | |  3.6

Action                   || total
-------------------------++-------
Melee: War axe           ||    94
  Use: Potion            ||     1
Armor: Scale mail        ||    41
Dodge: Dodged            ||    48
Block: Buckler           ||    17
